[ AOE2 MATCH · #506465434 ]
UnrankedBerbers vs Vikings
Player's team · WIN
Rival team · LOSS
[ REPLAY ANALYSIS · EXTRACTED FROM THE RECORDED GAME ]
Feudal
9:16
Castle
23:19
Imperial
42:22
| APM avg | 78.9 |
| APM peak | 126 |
| eAPM avg | 32.0 |
| Villagers / military | 115 / 97 |
Focus
⚔️ 27.2% · 🌾 72.8%
Knight ×46 · Genitour ×33 · Archer ×18
Feudal
11:21
Castle
24:56
Imperial
—
| APM avg | 56.1 |
| APM peak | 104 |
| eAPM avg | 32.2 |
| Villagers / military | 169 / 123 |
Focus
⚔️ 28.6% · 🌾 71.4%
Archer ×59 · Skirmisher ×37 · Berserk ×8 · Militia ×7 · Battering Ram ×5 · Monk ×4
Match map
Initial resources + every placement click. Lines = walls · curves = elevation contours. ◆ gold · ⬟ stone · ● berries · ✦ relic · ◌ wall gap
Your base· ✓ Closed at 23:19 · 25t walls · 1 gate(s)
[CL]LaCumbiaSuave's base· ✓ Closed at 24:56 · 16t walls · no gate
Smoothed initial terrain · ◌ = detected wall gap · hover for details
Inputs per minute
— Tepeyóllotl - - [CL]LaCumbiaSuave
Build order — Tepeyóllotl
First 150 of 358 actions detected
| 0:01 | Create | Villager (Male) |
| 0:01 | Create | Villager (Male) |
| 0:02 | Create | Villager (Male) |
| 0:02 | Create | Villager (Male) |
| 0:02 | Create | Villager (Male) |
| 0:03 | Build | House |
| 0:05 | Build | House |
| 1:34 | Create | Villager (Male) |
| 1:34 | Create | Villager (Male) |
| 2:03 | Create | Villager (Male) |
| 2:03 | Create | Villager (Male) |
| 2:23 | Create | Villager (Male) |
| 2:23 | Create | Villager (Male) |
| 2:25 | Build | Lumber Camp |
| 2:52 | Create | Villager (Male) |
| 2:53 | Create | Villager (Male) |
| 2:53 | Create | Villager (Male) |
| 3:14 | Create | Villager (Male) |
| 3:15 | Create | Villager (Male) |
| 3:15 | Create | Villager (Male) |
| 3:15 | Create | Villager (Male) |
| 3:59 | Create | Villager (Male) |
| 3:59 | Create | Villager (Male) |
| 4:03 | Build | House |
| 4:13 | Create | Villager (Male) |
| 4:13 | Create | Villager (Male) |
| 4:26 | Build | House |
| 5:06 | Build | Mill |
| 5:14 | Create | Villager (Male) |
| 5:40 | Create | Villager (Male) |
| 5:55 | Research | Loom |
| 5:56 | Research | Loom |
| 5:58 | Create | Villager (Male) |
| 6:29 | Research | Loom |
| 7:01 | Research | Feudal Age |
| 7:01 | Research | Feudal Age |
| 7:27 | Build | Palisade Wall |
| 7:31 | Build | Palisade Wall |
| 7:38 | Build | Palisade Wall |
| 7:41 | Build | House |
| 8:07 | Build | House |
| 8:10 | Build | House |
| 8:44 | Build | Palisade Wall |
| 8:52 | Build | Barracks |
| 9:15 | Create | Villager (Male) |
| 9:16 | Age | Feudal Age |
| 9:23 | Build | Mining Camp |
| 9:44 | Create | Villager (Male) |
| 9:58 | Build | Archery Range |
| 10:02 | Create | Villager (Male) |
| 10:25 | Research | Double-Bit Axe |
| 10:28 | Create | Villager (Male) |
| 10:45 | Create | Archer |
| 10:50 | Create | Villager (Male) |
| 11:15 | Create | Archer |
| 11:16 | Create | Villager (Male) |
| 11:19 | Build | House |
| 11:35 | Create | Villager (Male) |
| 11:46 | Create | Archer |
| 11:56 | Create | Villager (Male) |
| 12:00 | Build | Blacksmith |
| 12:16 | Create | Archer |
| 12:21 | Build | Archery Range |
| 12:35 | Create | Villager (Male) |
| 12:41 | Build | Farm |
| 12:44 | Build | Farm |
| 12:50 | Create | Archer |
| 12:52 | Create | Villager (Male) |
| 13:02 | Build | House |
| 13:03 | Build | House |
| 13:18 | Create | Archer |
| 13:24 | Build | Palisade Gate |
| 13:27 | Create | Villager (Male) |
| 13:36 | Create | Villager (Male) |
| 13:39 | Create | Archer |
| 13:39 | Create | Archer |
| 13:48 | Build | Farm |
| 13:49 | Build | Farm |
| 14:10 | Research | Fletching |
| 14:10 | Research | Fletching |
| 14:15 | Create | Archer |
| 14:16 | Create | Archer |
| 14:25 | Build | Farm |
| 14:27 | Build | Farm |
| 14:29 | Build | Farm |
| 14:41 | Create | Villager (Male) |
| 15:05 | Create | Archer |
| 15:05 | Create | Archer |
| 15:22 | Create | Villager (Male) |
| 15:22 | Create | Villager (Male) |
| 15:43 | Create | Villager (Male) |
| 15:56 | Create | Archer |
| 15:56 | Create | Archer |
| 16:06 | Build | Farm |
| 16:08 | Build | Farm |
| 16:23 | Build | Farm |
| 16:25 | Build | Farm |
| 16:26 | Build | Farm |
| 16:31 | Build | House |
| 16:31 | Build | House |
| 16:33 | Build | House |
| 16:34 | Build | House |
| 16:36 | Build | Palisade Wall |
| 16:40 | Create | Villager (Male) |
| 16:40 | Create | Villager (Male) |
| 16:56 | Build | Lumber Camp |
| 17:04 | Create | Archer |
| 17:05 | Create | Archer |
| 17:14 | Research | Padded Archer Armor |
| 17:15 | Create | Villager (Male) |
| 17:38 | Build | Lumber Camp |
| 17:40 | Create | Villager (Male) |
| 17:49 | Build | House |
| 17:50 | Build | House |
| 18:05 | Create | Archer |
| 18:05 | Create | Archer |
| 18:11 | Create | Villager (Male) |
| 18:18 | Build | House |
| 18:20 | Build | Palisade Wall |
| 18:27 | Research | Wheelbarrow |
| 18:28 | Research | Wheelbarrow |
| 19:30 | Build | Market |
| 19:54 | Create | Villager (Male) |
| 20:12 | Create | Villager (Male) |
| 20:20 | Build | Farm |
| 20:21 | Build | Farm |
| 20:22 | Build | Farm |
| 20:39 | Research | Castle Age |
| 20:39 | Research | Castle Age |
| 20:51 | Build | Stable |
| 21:01 | Research | Scale Barding Armor |
| 21:18 | Build | Stable |
| 21:31 | Build | Mill |
| 21:32 | Build | Farm |
| 21:32 | Build | Farm |
| 21:32 | Build | Farm |
| 21:32 | Build | Farm |
| 21:39 | Research | Forging |
| 21:49 | Research | Bloodlines |
| 22:43 | Build | Farm |
| 22:44 | Build | Farm |
| 22:47 | Build | Farm |
| 22:55 | Build | Stable |
| 23:13 | Create | Villager (Male) |
| 23:19 | Age | Castle Age |
| 23:21 | Build | Farm |
| 23:23 | Create | Knight |
| 23:23 | Create | Knight |
| 23:31 | Research | Bodkin Arrow |
| 23:36 | Create | Knight |
Build order — [CL]LaCumbiaSuave
First 150 of 452 actions detected
| 0:01 | Create | Villager (Male) |
| 0:01 | Create | Villager (Male) |
| 0:02 | Create | Villager (Male) |
| 0:02 | Build | House |
| 0:04 | Build | House |
| 0:13 | Create | Villager (Male) |
| 0:14 | Create | Villager (Male) |
| 1:16 | Create | Villager (Male) |
| 1:16 | Create | Villager (Male) |
| 1:19 | Build | Lumber Camp |
| 1:54 | Create | Villager (Male) |
| 1:54 | Create | Villager (Male) |
| 2:24 | Create | Villager (Male) |
| 2:24 | Create | Villager (Male) |
| 3:02 | Create | Villager (Male) |
| 3:24 | Create | Villager (Male) |
| 3:42 | Create | Villager (Male) |
| 3:43 | Create | Villager (Male) |
| 3:58 | Build | House |
| 4:01 | Create | Villager (Male) |
| 4:02 | Create | Villager (Male) |
| 4:17 | Create | Villager (Male) |
| 4:45 | Create | Villager (Male) |
| 4:45 | Create | Villager (Male) |
| 4:48 | Build | Barracks |
| 5:20 | Build | House |
| 5:37 | Create | Villager (Male) |
| 5:52 | Create | Militia |
| 5:52 | Create | Militia |
| 5:58 | Build | Mill |
| 6:07 | Build | House |
| 6:16 | Create | Villager (Male) |
| 6:24 | Create | Militia |
| 7:00 | Create | Villager (Male) |
| 7:00 | Create | Villager (Male) |
| 7:32 | Build | Mill |
| 7:36 | Create | Villager (Male) |
| 7:51 | Create | Villager (Male) |
| 8:05 | Build | House |
| 8:46 | Research | Loom |
| 9:03 | Build | Mining Camp |
| 9:10 | Research | Feudal Age |
| 9:26 | Create | Militia |
| 9:26 | Create | Militia |
| 9:36 | Build | Lumber Camp |
| 10:02 | Create | Militia |
| 10:29 | Create | Villager (Male) |
| 10:41 | Create | Militia |
| 11:21 | Age | Feudal Age |
| 11:29 | Create | Villager (Male) |
| 11:29 | Create | Villager (Male) |
| 11:34 | Build | Archery Range |
| 11:36 | Create | Spearman |
| 11:45 | Research | Double-Bit Axe |
| 11:46 | Create | Villager (Male) |
| 12:06 | Research | Man-at-Arms (upgrade) |
| 12:23 | Build | House |
| 12:28 | Build | Blacksmith |
| 12:35 | Create | Archer |
| 12:36 | Create | Archer |
| 12:45 | Build | Palisade Wall |
| 12:48 | Create | Archer |
| 12:51 | Create | Villager (Male) |
| 13:10 | Create | Villager (Male) |
| 13:12 | Build | Farm |
| 13:14 | Create | Archer |
| 13:29 | Create | Villager (Male) |
| 13:31 | Build | Palisade Wall |
| 13:33 | Build | Farm |
| 13:37 | Create | Archer |
| 13:45 | Create | Villager (Male) |
| 13:52 | Build | Palisade Wall |
| 13:55 | Build | Archery Range |
| 13:56 | Create | Archer |
| 14:03 | Research | Fletching |
| 14:08 | Create | Villager (Male) |
| 14:12 | Build | Palisade Wall |
| 14:13 | Build | Palisade Wall |
| 14:18 | Build | House |
| 14:20 | Build | Farm |
| 14:34 | Create | Skirmisher |
| 14:35 | Create | Archer |
| 14:35 | Create | Archer |
| 14:41 | Build | House |
| 14:43 | Build | House |
| 14:59 | Build | House |
| 15:02 | Build | House |
| 15:05 | Create | Villager (Male) |
| 15:08 | Build | House |
| 15:17 | Create | Villager (Male) |
| 15:23 | Create | Villager (Male) |
| 15:27 | Build | Farm |
| 15:35 | Create | Villager (Male) |
| 15:45 | Create | Skirmisher |
| 15:45 | Create | Skirmisher |
| 16:02 | Create | Skirmisher |
| 16:02 | Create | Skirmisher |
| 16:11 | Build | Farm |
| 16:12 | Create | Skirmisher |
| 16:19 | Build | House |
| 16:20 | Build | House |
| 16:30 | Create | Villager (Male) |
| 16:33 | Build | House |
| 16:36 | Create | Archer |
| 16:40 | Create | Villager (Male) |
| 16:42 | Build | Farm |
| 16:42 | Build | Farm |
| 16:42 | Build | Farm |
| 16:43 | Build | Farm |
| 16:43 | Build | Farm |
| 16:52 | Build | Farm |
| 17:00 | Create | Archer |
| 17:00 | Create | Archer |
| 17:06 | Build | House |
| 17:21 | Create | Villager (Male) |
| 17:24 | Build | Farm |
| 17:26 | Build | Farm |
| 17:30 | Build | House |
| 17:43 | Build | Farm |
| 17:43 | Build | Farm |
| 17:45 | Build | Farm |
| 17:52 | Create | Villager (Male) |
| 17:58 | Create | Archer |
| 18:00 | Create | Archer |
| 18:06 | Research | Padded Archer Armor |
| 18:09 | Build | Farm |
| 18:12 | Build | Farm |
| 18:21 | Build | Farm |
| 18:22 | Create | Villager (Male) |
| 18:26 | Build | House |
| 18:32 | Create | Archer |
| 18:32 | Create | Archer |
| 18:32 | Create | Archer |
| 18:38 | Create | Villager (Male) |
| 18:44 | Build | House |
| 18:53 | Create | Villager (Male) |
| 18:53 | Create | Villager (Male) |
| 19:00 | Build | Farm |
| 19:23 | Create | Archer |
| 19:23 | Create | Archer |
| 19:25 | Create | Villager (Male) |
| 19:28 | Create | Archer |
| 19:29 | Create | Villager (Male) |
| 19:30 | Build | Farm |
| 19:32 | Build | Farm |
| 19:37 | Research | Gold Mining |
| 19:47 | Build | House |
| 19:50 | Build | House |
| 19:54 | Create | Archer |
| 20:07 | Research | Horse Collar |
Match timeline
| 4:48 | [CL]LaCumbiaSuave · first_building Barracks |
| 7:27 | Tepeyóllotl · wall_segment Palisade Wall x11 |
| 7:31 | Tepeyóllotl · wall_segment Palisade Wall x6 |
| 7:38 | Tepeyóllotl · wall_segment Palisade Wall x6 |
| 8:44 | Tepeyóllotl · wall_segment Palisade Wall x1 |
| 8:52 | Tepeyóllotl · first_building Barracks |
| 9:16 | Tepeyóllotl · age_up feudal |
| 9:58 | Tepeyóllotl · first_building Archery Range |
| 11:21 | [CL]LaCumbiaSuave · age_up feudal |
| 11:34 | [CL]LaCumbiaSuave · first_building Archery Range |
| 12:45 | [CL]LaCumbiaSuave · wall_segment Palisade Wall x6 |
| 13:31 | [CL]LaCumbiaSuave · wall_segment Palisade Wall x3 |
| 13:52 | [CL]LaCumbiaSuave · wall_segment Palisade Wall x2 |
| 14:12 | [CL]LaCumbiaSuave · wall_segment Palisade Wall x5 |
| 14:13 | [CL]LaCumbiaSuave · wall_segment Palisade Wall x1 |
| 16:36 | Tepeyóllotl · wall_segment Palisade Wall x1 |
| 18:20 | Tepeyóllotl · wall_segment Palisade Wall x1 |
| 20:38 | Tepeyóllotl · first_market_buy 100 food |
| 20:51 | Tepeyóllotl · first_building Stable |
| 23:19 | Tepeyóllotl · age_up castle |
| 24:56 | [CL]LaCumbiaSuave · age_up castle |
| 26:20 | [CL]LaCumbiaSuave · first_building Monastery |
| 27:01 | [CL]LaCumbiaSuave · first_market_sell 100 food |
| 28:00 | [CL]LaCumbiaSuave · first_market_buy 100 wood |
| 30:21 | [CL]LaCumbiaSuave · first_building Siege Workshop |
| 32:52 | [CL]LaCumbiaSuave · first_building Castle |
| 37:27 | Tepeyóllotl · first_building Castle |
| 42:22 | Tepeyóllotl · age_up imperial |
| 42:34 | [CL]LaCumbiaSuave · resign |
[ AI ANALYSIS · 1 CREDIT ]
What really happened in this match?
Wolo.gg analyzes every decision: build order, eco, micro, common mistakes by bracket. Personalized analysis on WhatsApp or Discord in 30 seconds.
Civ guide
Berbers
Perfil
Tepeyóllotl